 Dungeon Crawl Stone Soup version 0.22.0-5-gf09313c (webtiles) character file.

86 corax the Sneak (level 4, -3/23 HPs)
             Began as a Spriggan Assassin on Aug 13, 2018.
             Killed from afar by an orc wizard (12 damage)
             ... with a puff of frost
             ... on level 3 of the Dungeon.
             The game lasted 00:06:53 (1823 turns).

corax the Sneak (Spriggan Assassin)                 Turns: 1823, Time: 00:06:54

Health: -3/23      AC:  3    Str:  7    XL:     4   Next: 27%
Magic:  5/5        EV: 18    Int: 12    God:
Gold:   157        SH:  0    Dex: 18    Spells: 3/3 levels left

rFire    . . .     SeeInvis +   a - +0 hunting sling
rCold    . . .     Gourm    .   (shield restricted)
rNeg     . . .     Faith    .   c - +0 robe
rPois    .         Spirit   .   (helmet restricted)
rElec    .         Reflect  .   d - +0 cloak
rCorr    .         Harm     .   (gloves unavailable)
MR       .....                  (boots unavailable)
Stlth    ++++......             (no amulet)
HPRegen  0.07/turn              (no ring)
MPRegen  0.09/turn              (no ring)

@: very quick
A: very small, unfitting armour, see invisible, herbivore, speed 3, slow
metabolism 2
a: no special abilities


You were on level 3 of the Dungeon.
You were not hungry.

You visited 1 branch of the dungeon, and saw 3 of its levels.

You collected 157 gold pieces.

Inventory:

Hand Weapons
 a - a +0 hunting sling (weapon)
 b - a +1 short sword of venom
 k - a +2 dagger
 v - a +0 blowgun
Missiles
 e - 3 poisoned needles
 f - 2 curare-tipped needles
 j - 119 stones (quivered)
 t - 24 sling bullets
Armour
 c - a +0 robe (worn)
 d - a +0 cloak (worn)
Scrolls
 h - 2 scrolls of noise {unknown}
 i - 3 scrolls of teleportation {unknown}
 l - 4 scrolls of amnesia {unknown}
 m - 2 scrolls of remove curse {unknown}
 p - a scroll of magic mapping {unknown}
 q - a scroll of fog {unknown}
 r - 2 scrolls of identify {unknown}
 s - a scroll of random uselessness {unknown}
Potions
 n - 2 potions of degeneration {unknown}
 o - 3 potions of heal wounds {unknown}
 u - a potion of flight {unknown}
 w - a potion of invisibility {unknown}
 x - a potion of curing
Comestibles
 g - 4 rations


   Skills:
 + Level 2.2 Fighting
 + Level 2.9 Short Blades
 + Level 0.0(1.8) Slings
 - Level 2.6 Throwing
 + Level 2.9 Dodging
 + Level 6.6 Stealth


You had 3 spell levels left.
You didn't know any spells.
Your spell library was empty.

Dungeon Overview and Level Annotations

Branches:
Dungeon (3/15)

Altars:
Hepliaklqana
Ru


Innate Abilities, Weirdness & Mutations

You are very small and have problems with some larger weapons.
You are too small for most types of armour.
You have supernaturally acute eyesight. (SInv)
You are a herbivore.
You cover ground extremely quickly.
You need to consume almost no food.


Message History

Really attack while wielding your +0 hunting sling?
Okay, then.
Your +1 short sword of venom begins to drip with poison!
b - a +1 short sword of venom (weapon)
The bat closely misses you.
You hit the bat.
You kill the bat!
Your +1 short sword of venom stops dripping with poison.
a - a +0 hunting sling (weapon)
The orc wizard looks more healthy.
You are too injured to fight recklessly!
Firing (i - inventory. (/) - cycle)
j - 120 stones (quivered)
Press: ? - help, Shift-Dir - straight line, f/p - orc wizard
Aim: an orc wizard, wielding a dagger and wearing a robe (severely wounded, fast)
You shoot a stone. The stone hits the orc wizard.
The orc wizard is almost dead.
The orc wizard gestures at you while chanting.
The puff of frost hits you!
Ouch! That really hurt!
You die...

.........#
...#.##.######r
.........+
........o...ooo
.........# ..#..#.#
#.......## ..#..#.#
##.....## #.#..#o#
##...## # #....#.#
##+#######.##.##.#.#
#......##.......#.#
#..###.# #.@..o.# #
##..###.#####.######
###...##........#
##.†..(#..#######
#.........#
..##..###.#
####......# #
#.###### # #.#


You could see an orc wizard.

Vanquished Creatures
  An adder (D:3)
  An ooze (D:1)
  3 worms (D:2)
  2 dart slugs (D:2)
  2 leopard geckos
  6 bats
  3 giant cockroaches (D:2)
  5 goblins
  6 hobgoblins
  2 jackals (D:1)
  10 kobolds
  2 quokkas (D:2)
  5 frilled lizards
  A leopard gecko skeleton (D:2)
  7 rats
56 creatures vanquished.

Notes
Turn   | Place    | Note
-------+----------+-------------------------------------------
     0 | D:1      | corax the Spriggan Assassin began the quest for the Orb.
     0 | D:1      | Reached XP level 1. HP: 10/10 MP: 2/2
   112 | D:1      | Reached skill level 6 in Stealth
   112 | D:1      | Reached XP level 2. HP: 15/15 MP: 3/3
   625 | D:1      | Reached XP level 3. HP: 8/18 MP: 4/4
   961 | D:2      | Found a hazy altar of Hepliaklqana.
  1153 | D:2      | Found a sacrificial altar of Ru.
  1225 | D:2      | Found a faded altar of an unknown god.
  1317 | D:2      | Reached XP level 4. HP: 11/23 MP: 5/5
  1823 | D:3      | Killed from afar by an orc wizard

Skill      XL: |  1  2 |
---------------+-------+-----
Stealth        | 6 |  6.6
Dodging        | 2 |  2.9
Fighting       | 2 |  2.2
Short Blades   | |  2.9
Throwing       | |  2.6

Action                   |  1- 3 |  4- 6 || total
-------------------------+-------+-------++-------
Melee: Dagger            |    47 |       ||    47
       Short sword       |   101 |    31 ||   132
 Fire: Blowgun           |     6 |     4 ||    10
       Hunting sling     |       |     1 ||     1
  Use: Potion            |     1 |       ||     1
 Stab: Sleeping          |     9 |     1 ||    10
Armor: Robe              |    17 |     2 ||    19
Dodge: Dodged            |    95 |    37 ||   132
